 Dungeon Crawl Stone Soup version 0.30-a0-802-gb92711bcdf (webtiles) character file.

Game seed: 3306553082889935150

411 qeuew the Digger (level 6, -1/35 HPs)
             Began as a Gargoyle Earth Elementalist on Feb 24, 2023.
             Slain by a centaur (2 damage)
             ... on level 6 of the Dungeon.
             The game lasted 00:04:56 (2412 turns).

qeuew the Digger (Gargoyle Earth Elementalist)      Turns: 2412, Time: 00:04:56

Health: -1/35      AC:  7    Str: 14    XL:     6   Next: 90%
Magic:  5/10       EV: 12    Int: 24    God:
Gold:   179        SH:  0    Dex: 10    Spells: 7/11 levels left

rFire   . . .      SeeInvis +    g - +0 club
rCold   + . .      Faith    .    (no shield)
rNeg    + + +      Spirit   .    h - +0 leather armour
rPois   ∞          Reflect  .    (no helmet)
rElec   +          Harm     .    (no cloak)
rCorr   .          Rampage  .    (no gloves)
Will    .....                    (no boots)
Stlth   ++                       (no amulet)
HPRegen 0.25/turn                i - +6 ring of intelligence
MPRegen 0.12/turn                a - ring of Abauf {rC+ rN++ Int+3 SInv}

@: no status effects
A: sickness immunity, AC +4, negative energy resistance 1, electricity
resistance, torment resistance 1, petrification resistance
a: no special abilities


You were on level 6 of the Dungeon.
You visited 1 branch of the dungeon, and saw 5 of its levels.

You collected 179 gold pieces.

Inventory:

Hand Weapons
 g - a +0 club (weapon)
Missiles
 j - 2 throwing nets
Armour
 h - a +0 leather armour (worn)
Jewellery
 a - the ring of Abauf (right hand) {rC+ rN++ Int+3 SInv}
   (You found it on level 3 of the Dungeon)

   [ring of protection from cold]

   Int:       It affects your intelligence (+3).
   rC:        It protects you from cold.
   rN:        It greatly protects you from negative energy.
   SInv:      It lets you see invisible.
 i - a +6 ring of intelligence (left hand)
Scrolls
 k - a scroll of enchant weapon
 l - a scroll of teleportation
 m - 2 scrolls of amnesia
Potions
 c - a potion of brilliance
 d - a potion of heal wounds
 f - 2 potions of curing


   Skills:
 + Level 2.1 Fighting
 + Level 1.9 Maces & Flails
 + Level 2.2 Armour
 + Level 2.7 Dodging
 - Level 2.9 Stealth
 + Level 3.0 Spellcasting
 - Level 1.0 Transmutations
 * Level 5.6 Earth Magic


You had 7 spell levels left.
You knew the following spells:

 Your Spells              Type           Power      Damage    Failure   Level
a - Sandblast             Erth           60%        2d14      1%          1
b - Stone Arrow           Conj/Erth      34%        3d9       12%         3

Your spell library contained the following spells:

 Spells                   Type           Power      Damage    Failure   Level
 Passwall                 Tmut/Erth      15%        N/A       4%          2
 Magic Dart               Conj           12%        1d3       13%         1
 Blink                    Tloc           6%         N/A       21%         2
 Call Imp                 Summ           3%         N/A       21%         2
 Lesser Beckoning         Tloc           6%         N/A       21%         2
 Momentum Strike          Conj/Tloc      6%         3d8       21%         2
 Petrify                  Tmut/Erth      19%        N/A       32%         4
 Mephitic Cloud           Conj/Pois/Air  3%         N/A       36%         3


Dungeon Overview and Level Annotations

Branches:
Dungeon (4/15)
 Temple: D:4-7

Altars:
Trog
The Shining One


Innate Abilities, Weirdness & Mutations

You are immune to sickness and miasma.
Your stone body is resilient. (AC +4)
You are immune to poison.
You resist negative energy. (rN+)
You are resistant to electric shocks. (rElec)
You are resistant to unholy torment.
You are immune to petrification.


Message History

The centaur kicks you but does no damage.
The centaur barely misses you. The centaur kicks you.
You hit the centaur.
The centaur is heavily wounded.
The centaur completely misses you. The centaur kicks you.
The centaur closely misses you. The centaur barely misses you.
You hit the centaur but do no damage. You punch the centaur.
The centaur is severely wounded.
The centaur barely misses you. The centaur kicks you. The centaur misses you.
The centaur kicks you.
You hit the centaur but do no damage.
The centaur is severely wounded.
The centaur misses you.
The centaur kicks you but does no damage.
The centaur hits you but does no damage.
The centaur kicks you.
You hit the centaur.
The centaur is almost dead.
The centaur misses you. The centaur barely misses you.
You completely miss the centaur.
The centaur is almost dead.
The centaur hits you but does no damage.
The centaur misses you. The centaur barely misses you.
The centaur closely misses you.
You closely miss the centaur.
The centaur is almost dead.
The centaur closely misses you. x3; The centaur kicks you.
You hit the centaur.
The centaur is almost dead.
The centaur hits you.
* * * LOW HITPOINT WARNING * * *
The centaur barely misses you. The centaur hits you.
* * * LOW HITPOINT WARNING * * *
The centaur closely misses you.
You hit the centaur.
The centaur is almost dead.
The centaur hits you.
* * * LOW HITPOINT WARNING * * *
The centaur kicks you.
You die...

# .....$.
.##.....#
.......#
#.....#
#....?#
#..#####
#......#
#.####.#
#@# #.# #c#
#.##### #l#
#.....# ..#
#..#.....#
.##
#..#.###..#
.. ##.#l. .
.. #.##..
##. #.. ...
##. #Y..


You could see a centaur and an iguana.

Vanquished Creatures
  Grinder (D:4)
  Menkaure (D:6)
  An adder (D:2)
  3 worms
  4 dart slugs
  4 orcs
  6 bats
  8 endoplasms
  3 giant cockroaches (D:1)
  11 goblins
  4 hobgoblins
  5 quokkas
  5 ball pythons
  2 frilled lizards
  8 kobolds
  8 rats
74 creatures vanquished.

Notes
Turn   | Place    | Note
-------+----------+-------------------------------------------
     0 | D:1      | qeuew the Gargoyle Earth Elementalist began the quest for
                  | the Orb.
     0 | D:1      | Reached XP level 1. HP: 10/10 MP: 3/3
    84 | D:1      | Reached skill level 1 in Transmutations
    84 | D:1      | Reached XP level 2. HP: 15/15 MP: 1/5
   271 | D:1      | Reached skill level 4 in Earth Magic
   358 | D:1      | Reached XP level 3. HP: 19/19 MP: 1/6
   990 | D:2      | Learned a level 3 spell: Stone Arrow
  1155 | D:2      | Reached XP level 4. HP: 24/24 MP: 4/7
  1796 | D:3      | Identified the ring of Abauf {rC+ rN++ Int+3 SInv}
  1819 | D:3      | Found a glowing golden altar of the Shining One.
  1929 | D:3      | Found a bloodstained altar of Trog.
  1932 | D:3      | Reached skill level 1 in Fighting
  2231 | D:4      | Noticed Grinder
  2244 | D:4      | Killed Grinder
  2245 | D:4      | Reached skill level 1 in Maces & Flails
  2245 | D:4      | Reached skill level 1 in Armour
  2245 | D:4      | Reached skill level 5 in Earth Magic
  2245 | D:4      | Reached XP level 5. HP: 19/30 MP: 4/9
  2245 | D:4      | Reached XP level 6. HP: 22/35 MP: 4/10
  2364 | D:4      | You fall into a shaft and drop 2 floors!
  2371 | D:6      | Noticed a sky beast
  2381 | D:6      | Noticed Menkaure
  2385 | D:6      | Killed Menkaure
  2412 | D:6      | HP: 1/35 [centaur (2)]
  2412 | D:6      | Slain by a centaur

Illustrated notes

Levels and vault maps discovered:
D:1:      amcnicky_arrival_wind_blow, layout_rooms, hangedman_decor_points
D:2:      layout_basic
D:3:      layout_rooms, mainiacjoe_overflow_cross_hatched,
          lightli_temple_of_fire
D:4:      layout_cave_pods, temple_doors_ab, uniq_grinder, uniq_sigmund
D:6:      minmay_evil_eye, layout_loops_ring, minitemple, minivault_14,
          uniq_prince_ribbit1, uniq_menkaure

Skill      XL: |  1  2  3  4  5  6 |
---------------+-------------------+-----
Transmutations | 1 |  1.0
Earth Magic    | 4 5 |  5.6
Dodging        | 2 |  2.7
Fighting       | 1 2 |  2.1
Maces & Flails | 1 |  1.9
Armour         | 1 2 |  2.2
Spellcasting   | 3 |  3.0
Stealth        | |  2.9

Action                     |  1- 3 |  4- 6 || total
---------------------------+-------+-------++-------
  Melee: Unarmed           |    11 |       ||    11
         Club              |    13 |    40 ||    53
         Punch             |       |     4 ||     4
   Cast: Sandblast         |    57 |    44 ||   101
         Stone Arrow       |       |     5 ||     5
    Use: Potion            |     2 |     3 ||     5
         Scroll            |     1 |     5 ||     6
 Armour: Robe              |    10 |       ||    10
         Leather armour    |     3 |    47 ||    50
  Dodge: Dodged            |    26 |    65 ||    91

Table legend: (Time is in decaauts)
 A = Elapsed time spent in this place.
 B = Non-inter-level travel time spent in this place.
 C = Inter-level travel time spent in this place.
 D = Time resting spent in this place.
 E = Time spent auto-exploring this place.
 F = Levels seen in this place.
 G = Mean time per level.
                   A        B        C        D        E       F      G
               +--------+--------+--------+--------+--------+-----+--------+
         Total |   2472 |   2410 |     62 |      0 |   1943 |   5 |  494.4 |
       Dungeon |   2472 |   2410 |     62 |      0 |   1943 |   5 |  494.4 |
               +--------+--------+--------+--------+--------+-----+--------+

Top non-repeatable levels by time:
     D:1: 937 daAuts
     D:2: 749 daAuts
     D:3: 569 daAuts
     D:4: 163 daAuts
     D:6: 52 daAuts
